 Dungeon Crawl Stone Soup version 0.28.0 (webtiles) character file.

Game seed: 13220350749174790356

59 Norrock the Firebug (level 3, -1/26 HPs)
             Began as a Draconian Fire Elementalist on Feb 12, 2022.
             Slain by a river rat (6 damage)
             ... in a sewer.
             The game lasted 00:06:59 (2270 turns).

Norrock the Firebug (Draconian Fire Elementalist)   Turns: 2270, Time: 00:06:59

Health: -1/26      AC:  6    Str: 10    XL:     3   Next: 78%
Magic:  3/7        EV: 12    Int: 17    God:
Gold:   173        SH:  0    Dex: 11    Spells: 5/8 levels left

rFire   . . .      SeeInvis .   c - +0 short sword
rCold   . . .      Faith    .   (no shield)
rNeg    . . .      Spirit   .   (armour unavailable)
rPois   .          Reflect  .   (helmet restricted)
rElec   .          Harm     .   (no cloak)
rCorr   .          Rampage  .   (no gloves)
Will    .....                   g - +0 pair of boots
Stlth   ++........              (no amulet)
HPRegen 0.08/turn               (no ring)
MPRegen 0.10/turn               (no ring)

@: no status effects
A: AC +5, unfitting armour, cold-blooded
a: no special abilities


You were in a sewer.
You visited 1 branch of the dungeon, and saw 3 of its levels.
You also visited: Sewer.

You collected 173 gold pieces.

Inventory:

Hand Weapons
 c - a +0 short sword (weapon)
Armour
 g - a +0 pair of boots (worn)
Jewellery
 k - a ring of poison resistance
Scrolls
 a - a scroll of enchant armour {unknown}
 b - a scroll of enchant weapon {unknown}
 d - a scroll of immolation {unknown}
 e - a scroll of teleportation
 f - a scroll of fog {unknown}
Potions
 h - 3 potions of flight {unknown}
 i - a potion of brilliance {unknown}
 j - a potion of might {unknown}
 l - a potion of curing {unknown}


   Skills:
 - Level 1.7 Dodging
 - Level 1.7 Stealth
 - Level 3.0 Spellcasting
 - Level 1.0 Conjurations
 + Level 4.1 Fire Magic


You had 5 spell levels left.
You knew the following spells:

 Your Spells              Type           Power      Damage    Failure   Level
a - Foxfire               Conj/Fire      44%        2x1d6     6%          1
b - Scorch                Fire           32%        2d7       4%          2

Your spell library contained the following spells:

 Spells                   Type           Power      Damage    Failure   Level
 Animate Skeleton         Necr           4%         N/A       17%         1
 Pain                     Necr           8%         1d4       17%         1
 Conjure Flame            Conj/Fire      11%        6-21      19%         3
 Inner Flame              Hex/Fire       9%         N/A       22%         3
 Vampiric Draining        Necr           2%         2d6       45%         3
 Flame Wave               Conj/Fire      11%        2d5       52%         4


Dungeon Overview and Level Annotations

Branches:
Dungeon (3/15)              Sewer (1/1)

Altars:
The Shining One


Innate Abilities, Weirdness & Mutations

Your plain brown scales are hard. (AC +5)
You cannot fit into any form of body armour.
You are cold-blooded and may be slowed by cold attacks.


Message History

You kill the rat!
You hit the river rat.
The river rat is severely wounded.
The river rat bites you.
You are too injured to fight recklessly!
Casting: Foxfire (safe; 6% risk of failure)
Confirm with . or Enter, or press ? or * to list all spells.
You conjure some foxfire!
The river rat bites you.
* * * LOW HITPOINT WARNING * * *
You hit the river rat but do no damage.
Your tail-slap misses the river rat.
The river rat is severely wounded.
The foxfire hits the rat.
You kill the rat!
The river rat barely misses you.
You barely miss the river rat.
The river rat is severely wounded.
The river rat bites you.
* * * LOW HITPOINT WARNING * * *
You are too injured to fight recklessly!
Casting: Foxfire (safe; 6% risk of failure)
Confirm with . or Enter, or press ? or * to list all spells.
You conjure some foxfire!
The river rat bites you but does no damage.
You barely miss the river rat.
The river rat is severely wounded.
The river rat closely misses you.
You hit the river rat but do no damage.
You tail-slap the river rat, but do no damage.
The river rat is severely wounded.
The river rat bites you but does no damage.
You closely miss the river rat.
Your tail-slap misses the river rat.
The river rat is severely wounded.
The river rat misses you.
You closely miss the river rat.
The river rat is severely wounded.
The river rat misses you.
You hit the river rat.
The river rat is almost dead.
The river rat bites you.
You die... ############### .....†v@r.....≈ ###############

You could see a river rat (ally target).

Vanquished Creatures
  2 adders (D:2)
  2 worms (D:3)
  A dart slug (D:1)
  5 ball pythons
  4 endoplasms (D:2)
  3 giant cockroaches (D:1)
  A goblin (D:1)
  4 hobgoblins (D:1)
  A quokka (D:1)
  4 bats
  A frilled lizard (D:1)
  2 kobolds
  4 rats
34 creatures vanquished.

Vanquished Creatures (others)
  54 foxfires
54 creatures vanquished.

Grand Total: 88 creatures vanquished

Notes
Turn   | Place    | Note
-------+----------+-------------------------------------------
     0 | D:1      | Norrock the Draconian Fire Elementalist began the quest for
                  | the Orb.
     0 | D:1      | Reached XP level 1. HP: 14/14 MP: 3/3
   337 | D:1      | Reached XP level 2. HP: 20/20 MP: 3/5
   360 | D:1      | Learned a level 2 spell: Scorch
   789 | D:2      | Reached XP level 3. HP: 11/26 MP: 1/7
  1657 | D:2      | Found a glowing golden altar of the Shining One.
  2107 | D:3      | Reached skill level 4 in Fire Magic
  2241 | D:3      | Found a glowing drain.
  2257 | Sewer    | Entered a sewer
  2270 | Sewer    | Slain by a river rat

Illustrated notes

Levels and vault maps discovered:
D:1:      minmay_arrival_cross, layout_rooms
D:2:      layout_loops_corners, basic_altar, minmay_misc_feat_ornament
D:3:      layout_basic, cheibrodos_sewer_entry_bend, pf_guarded_unrand_meek
Sewer:    sewer_kobolds

Skill      XL: |  1  2  3 |
---------------+----------+-----
Spellcasting   | 3 |  3.0
Fire Magic     | 4 |  4.1
Dodging        | |  1.7
Stealth        | |  1.7
Conjurations   | |  1.0

Action                   || total
-------------------------++-------
Melee: Short sword       ||    49
       Tailslap          ||     4
 Cast: Foxfire           ||    37
  Use: Scroll            ||     1
 Stab: Sleeping          ||     3
Armor: Skin              ||     9
Dodge: Dodged            ||    35
